 Dungeon Sprint DCSS version 0.15-a0-2123-gb18dd36 (webtiles) character file.

3318 N00bl0rd the Fighter (level 9, -15/78 HPs)
             Began as a Demonspawn Fighter on July 16, 2014.
             Was an Elder of Makhleb.
             Killed from afar by a yellow draconian (18 damage)
             ... with a splash of acid
             ... in the Dungeon (Sprint V: "Ziggurat Sprint").
             The game lasted 00:03:35 (264 turns).

N00bl0rd the Fighter (Demonspawn Fighter)            Turns: 264, Time: 00:03:35

HP -15/78        AC 24     Str 35      XL: 9   Next: 71%
MP  18/19        EV  3     Int 10      God: Makhleb [****..]
Gold 0           SH 31     Dex 12      Spells:  0 memorised,  8 levels left

rFire  + . .     SeeInvis +     a - +14 obsidian axe {chop, +Fly Str+3 SInv Curse}
rCold  + . .     Rnd*Rage +     b - +15 Maxwell's patent armour {rC+ rF+, -Cast -Tele MR+}
rNeg   + . .     rCorr    .     c - +18 shield of the gong {rElec rN+ MR+ EV-5}
rPois  .         rRot     .     (no helmet)
rElec  +         Spirit   .     (no cloak)
SustAb .         Warding  .     (no gloves)
rMut   .         NoTele   +     (no boots)
Gourm  .         NoCast   +     (no amulet)
MR     ++...                    I - +6 ring of strength
                                H - +6 ring of strength

@: lethally poisoned, corroded equipment, mesmerised, very resistant to hostile
enchantments, extremely unstealthy
A: talons 1, berserk 1, demonic guardian 1
a: Minor Destruction, Lesser Servant of Makhleb, Major Destruction, Renounce
Religion, Evoke Flight


You were in the Dungeon.
You worshipped Makhleb.
Makhleb was greatly pleased with you.
You were not hungry.

You visited 1 branch

Inventory:

Hand weapons
 a - the cursed +14 obsidian axe (weapon) {chop, +Fly Str+3 SInv Curse}
   (You found it in the Dungeon)

   It inflicts extra damage upon your enemies.
   It affects your strength (+3).
   It enhances your eyesight.
   It lets you fly.
   It may recurse itself when equipped.
   It has a curse placed upon it.
Armour
 b - the cursed +15 Maxwell's patent armour (worn) {rC+ rF+, -Cast -Tele MR+}
   (You found it in the Dungeon)

   It affects your resistance to hostile enchantments.
   It prevents spellcasting.
   It prevents most forms of teleportation.
   It has a curse placed upon it.
 c - the +18 shield of the gong (worn) {rElec rN+ MR+ EV-5}
   (You found it in the Dungeon)

   It affects your evasion (-5).
   It insulates you from electricity.
   It protects you from negative energy.
   It affects your resistance to hostile enchantments.
Magical devices
 y - a wand of disintegration (7)
 A - a wand of fire (5)
 B - a wand of cold (5)
 C - a wand of draining (5)
Comestibles
 d - 5 bread rations
 l - 42 fruits
 m - 4 meat rations
Scrolls
 k - 4 scrolls of blinking
 n - 4 scrolls of amnesia
 o - 3 scrolls of recharging
 p - 8 scrolls of fog
 q - 5 scrolls of identify
 r - 5 scrolls of remove curse
 s - 2 scrolls of fear
 D - a scroll of brand weapon
Jewellery
 H - a +6 ring of strength (left hand)
 I - a +6 ring of strength (right hand)
Potions
 e - 6 potions of might
 f - 10 potions of curing
 g - 10 potions of heal wounds
 h - 6 potions of haste
 i - 7 potions of magic
 j - 3 potions of berserk rage
 t - 2 potions of brilliance
 u - 2 potions of invisibility
 v - 2 potions of restore abilities
 w - 4 potions of resistance
 x - a potion of experience
 z - 5 potions of agility
Miscellaneous
 J - a disc of storms


   Skills:
 * Level 10.2 Fighting
 * Level 8.9 Axes
 * Level 9.2 Armour
 * Level 8.8 Dodging
 * Level 9.2 Shields
 + Level 5.4 Invocations
 + Level 7.5 Evocations


You had 8 spell levels left.
You didn't know any spells.

Dungeon Overview and Level Annotations

Branches:
Dungeon (1/1)

Altars:
Ashenzari
Cheibriados
Dithmenos
Elyvilon
Fedhas
Gozag
Kikubaaqudgha
Makhleb
Nemelex Xobeh
Okawaru
Qazlal
Sif Muna
Trog
Vehumet
Xom
Yredelemnul
Zin
The Shining One
Beogh
Jiyva
Lugonu


Innate Abilities, Weirdness & Mutations

You have sharp toenails.
A weak demonic guardian rushes to your aid.
You tend to lose your temper in combat.


Message History

You slice the draconian!!
You are no longer entranced.
You kill the draconian!
Makhleb accepts your kill.
You feel a little better.
You hit the green draconian.
The green draconian is moderately wounded.
You slice the draconian!!
The draconian is severely wounded.
You slice the draconian!!
The draconian is heavily wounded.
Visions of slaying the green draconian flood into your mind.
You feel very sick. You block the green draconian's attack.
PTOANNNG!
You block the green draconian's attack.
GONNNNG!
The yellow draconian spits acid at you. The splash of acid hits you!
The acid corrodes your equipment!
The acid burns!
* * * LOW HITPOINT WARNING * * *
You die...

▓▓▓▓▓▓▓▓▓
▓..8©8..▓
▓..)"|..▓
▓..[)...▓
▓.......▓
▓.......▓
▓...d...▓
▓..d))..▓
▓..d@...▓
▓..d5...▓
▓▓▓▓▓▓▓▓▓


You could see a yellow draconian, a green draconian, 2 draconians and a friendly
white imp.

Vanquished Creatures
  A white draconian (D)
  A draconian (D)
  A jumping spider (D)
  2 air elementals (D)
  A slime creature (D)
  A tarantella (D)
  An ugly thing (D)
  A neqoxec (D)
  2 wolves (shapeshifter) (D)
  A wolf (D)
  2 water moccasins (D)
  A naga (D)
  3 insubstantial wisps (D)
  A scorpion (D)
  An iguana (D)
  A green rat (D)
  An adder (D)
  A giant mite (D)
  A jackal (D)
24 creatures vanquished.

Vanquished Creatures (collateral kills)
  2 nagas (D)
  An ooze (D)
3 creatures vanquished.

Vanquished Creatures (others)
  An orange demon (D)
  A neqoxec (D)
  A crimson imp (D)
3 creatures vanquished.

Grand Total: 30 creatures vanquished

Notes
Turn   | Place    | Note
--------------------------------------------------------------
     0 | D        | N00bl0rd, the Demonspawn Fighter, began the quest for the Orb.
     0 | D        | Reached XP level 1. HP: 18/18 MP: 1/1
     0 | D        | Found an ancient bone altar of Kikubaaqudgha.
     1 | D        | Found a basalt altar of Yredelemnul.
     1 | D        | Found an iron altar of Okawaru.
     2 | D        | Found a radiant altar of Vehumet.
     2 | D        | Found a shimmering altar of Xom.
     4 | D        | Found a burning altar of Makhleb.
    13 | D        | Found a corrupted altar of Lugonu.
    13 | D        | Found a white marble altar of Elyvilon.
    13 | D        | Found a deep blue altar of Sif Muna.
    14 | D        | Found a roughly hewn altar of Beogh.
    14 | D        | Found a sparkling altar of Nemelex Xobeh.
    22 | D        | Found a bloodstained altar of Trog.
   134 | D        | Became a worshipper of Makhleb the Destroyer
   137 | D        | Entered arena 1.
   137 | D        | Noticed a slime creature
   140 | D        | Reached skill level 1 in Dodging
   141 | D        | Killed a slime creature
   141 | D        | Reached skill level 5 in Fighting
   141 | D        | Gained mutation: You have sharp toenails. [demonic ancestry]
   141 | D        | Reached XP level 2. HP: 23/27 MP: 3/3
   141 | D        | Reached XP level 3. HP: 28/33 MP: 4/4
   141 | D        | Reached XP level 4. HP: 33/39 MP: 6/6
   141 | D        | Reached XP level 5. HP: 37/44 MP: 7/7
   148 | D        | Entered arena 2.
   148 | D        | Noticed a wolf
   148 | D        | Noticed a red ugly thing
   148 | D        | Noticed a soldier ant
   152 | D        | Noticed a sky beast
   152 | D        | a soldier ant changed into a sky beast
   153 | D        | Killed a red ugly thing
   153 | D        | Acquired Makhleb's first power
   153 | D        | Reached skill level 6 in Fighting
   153 | D        | Reached skill level 5 in Axes
   153 | D        | Reached skill level 5 in Armour
   153 | D        | Reached skill level 5 in Dodging
   153 | D        | Reached skill level 5 in Shields
   153 | D        | Reached XP level 6. HP: 36/52 MP: 8/10
   154 | D        | Killed a wolf
   154 | D        | Noticed a wolf
   154 | D        | a sky beast changed into a wolf
   155 | D        | Killed a wolf
   155 | D        | Reached skill level 7 in Fighting
   155 | D        | Reached XP level 7. HP: 40/60 MP: 9/12
   164 | D        | Entered arena 3.
   164 | D        | Noticed a jumping spider
   164 | D        | Noticed a scorpion
   164 | D        | Noticed a tarantella
   166 | D        | Killed a tarantella
   166 | D        | Acquired Makhleb's second power
   166 | D        | Reached skill level 5 in Evocations
   168 | D        | Killed a scorpion
   171 | D        | Killed a jumping spider
   171 | D        | Reached skill level 8 in Fighting
   187 | D        | Entered arena 4.
   187 | D        | Noticed an iguana
   187 | D        | Noticed a wolf
   190 | D        | Acquired Makhleb's third power
   190 | D        | Killed a wolf
   190 | D        | Reached skill level 1 in Invocations
   190 | D        | Reached XP level 8. HP: 67/69 MP: 15/15
   192 | D        | Killed an iguana
   203 | D        | Entered arena 5.
   203 | D        | Noticed an air elemental
   203 | D        | Noticed an insubstantial wisp
   203 | D        | Noticed an insubstantial wisp
   203 | D        | Noticed an insubstantial wisp
   203 | D        | Noticed an air elemental
   205 | D        | Killed an air elemental
   206 | D        | Killed an insubstantial wisp
   206 | D        | Killed an air elemental
   207 | D        | Killed an insubstantial wisp
   210 | D        | Killed an insubstantial wisp
   210 | D        | Reached skill level 9 in Fighting
   223 | D        | Entered arena 6.
   223 | D        | Noticed a naga
   223 | D        | Noticed a naga
   223 | D        | Noticed a naga
   223 | D        | Noticed a water moccasin
   223 | D        | Noticed a water moccasin
   226 | D        | Acquired Makhleb's fourth power
   228 | D        | Killed a water moccasin
   230 | D        | Killed a water moccasin
   232 | D        | Killed a naga
   234 | D        | Killed a naga
   234 | D        | Gained mutation: A weak demonic guardian rushes to your aid. [demonic ancestry]
   234 | D        | Reached XP level 9. HP: 64/76 MP: 18/18
   235 | D        | Killed a naga
   240 | D        | Got the ring of Prefal {+Fly Dex+2 Int+1}
   251 | D        | Entered arena 7.
   251 | D        | Noticed a green draconian
   251 | D        | Noticed a draconian
   251 | D        | Noticed a draconian
   251 | D        | Noticed a white draconian
   251 | D        | Noticed a yellow draconian
   251 | D        | Noticed a draconian
   256 | D        | Gained mutation: You tend to lose your temper in combat. [a neqoxec]
   262 | D        | Killed a white draconian
   262 | D        | Reached skill level 10 in Fighting
   262 | D        | Reached skill level 5 in Invocations
   264 | D        | Killed a draconian
   264 | D        | HP: 3/78 [acid (17)]
   264 | D        | Killed from afar by a yellow draconian

Action                   |  1- 3 |  4- 6 |  7- 9 || total
-------------------------+-------+-------+-------++-------
Melee: Broad axe         |     3 |     6 |    33 ||    42
Invok: Lesser Servant of |       |       |     3 ||     3
